Map: Frostline LE

Players

Gambit

  • Race: Protoss Protoss
  • League: Diamond
  • Spawn Location: 7:00

wootwoot - Winner!

  • Race: Zerg Zerg
  • League: Diamond
  • Spawn Location: 1:00

VOD

Have the link to the VOD?

Description

Time

  • Played on: April 2, 2025, 7:22 p.m.
  • Length: 3:11
Show
View Real Time Build Order
Export as new Build Order

Gambit Protoss 

Build Orders:  

Get SALT Encoding   

  12  0:00  Probe  
  13  0:12  Probe  
  14  0:19  Pylon  
  14  0:24  Probe  
  15  0:37  Gateway, Probe  
  16  0:45  Assimilator  
  16  0:46  Probe  
  17  0:54  Probe  
  17  1:03  Probe  
  19  1:15  Probe  
  20  1:24  Cybernetics Core  
  20  1:26  Zealot, Pylon  
  22  1:33  Assimilator  
  22  1:35  Probe  
  23  1:47  Pylon  
  23  1:53  Adept  
  25  2:05  Shield Battery  
  25  2:08  Gateway  
  23  2:30  Adept  
Show
View Real Time Build Order
Export as new Build Order

wootwoot Zerg - Winner!

Build Orders: Pool Only 

Get SALT Encoding   

  12  0:18  Spawning Pool  
  11  0:21  Drone  
  11  0:26  Drone  
  13  0:30  Drone  
  14  0:40  Overlord  
  14  1:05  Zergling x6  
  17  1:16  Zergling x2  
  18  1:27  Zergling x2  
  19  1:38  Zergling x2  
  20  1:48  Zergling x2  
  21  2:13  Zergling x2  
  21  2:33  Zergling x2  
Tags
 
Matchup
PvZ
Opening
Pool Only
Replay Pack
B2M-Replays
Spawn Locations
Cross Positions
Add a new tag
Caveats
  • Supply blocks, unpowered buildings, or Contaminate may cause inaccurate times.
  • Supply counts are checked every 10 seconds.